3A
ATHLETIC CLUB KC U-24 @ WALLA WALLA WALLEYE
06/25/2042
 
TOP OF THE 1ST
Athletic Club KC U-24 batting - Pitching for Walla Walla Walleye : RHP Hyeong-ro Park
Pitching: RHP Hyeong-ro Park
Batting: RHB Pedro Píaz 0-0: Ground out 5-3 (Groundball, 5, EV 90.6 MPH)
Batting: RHB James Allingham 0-0: Called Strike
0-1: Swinging Strike
0-2: Ball
1-2: Strikes out swinging
Batting: SHB Osvaldo Ardiles 0-0: Swinging Strike
0-1: Foul Ball, location: 2F
0-2: Foul Ball, location: 2F
0-2: Ground out 4-3 (Groundball, 34D, EV 98.8 MPH)
Top of the 1st over - 0 runs, 0 hits, 0 errors, 0 left on base; Athletic Club KC 0 - Walla Walla 0
BOTTOM OF THE 1ST
Walla Walla Walleye batting - Pitching for Athletic Club KC U-24 : RHP Ronald McDonald
Pitching: RHP Ronald McDonald
Batting: RHB Carlton Martin 0-0: Called Strike
0-1: Ball
1-1: Ball
2-1: SINGLE (Line Drive, 8LS, EV 90.0 MPH)
Batting: RHB Alberto Zúñiga 0-0: Called Strike
0-1: Foul Ball, location: 2F
0-2: Ball
1-2: Fly out, F8 (Line Drive, 8RD, EV 89.4 MPH)
Batting: LHB Derrek Guthrie 0-0: Called Strike
0-1: Ball
1-1: Ball
2-1: Ball
3-1: Foul Ball, location: 2F
3-2: SINGLE (Groundball, 3, EV 95.6 MPH) (infield hit)
Carlton Martin to second
Batting: LHB Van Durr 0-0: Called Strike
0-1: TRIPLE (Line Drive, 89XD, EV 107.5 MPH)
Carlton Martin scores
Derrek Guthrie scores
Batting: RHB Roy Berriman 0-0: Foul Ball, location: 2F
0-1: Called Strike
0-2: SINGLE (Groundball, 34D, EV 108.8 MPH)
Van Durr scores
Batting: SHB Víctor Pagueros 0-0: Called Strike
0-1: Fly out, F8 (Line Drive, 8LD, EV 93.1 MPH)
Batting: RHB Bret Taylor 0-0: Called Strike
0-1: Called Strike
0-2: Ball
1-2: Foul Ball, location: 2F
1-2: SINGLE (Line Drive, 89M, EV 104.4 MPH)
Roy Berriman to second
Runner from 2nd tries for 3rd, SAFE, throw by RF made to third
Batting: RHB Jack Covas 0-0: Ball
1-0: Ground out 5-3 (Groundball, 56S, EV 81.2 MPH)
Bottom of the 1st over - 3 runs, 5 hits, 0 errors, 2 left on base; Athletic Club KC 0 - Walla Walla 3
TOP OF THE 2ND
Athletic Club KC U-24 batting - Pitching for Walla Walla Walleye : RHP Hyeong-ro Park
Batting: LHB Ramiro Curran 0-0: Called Strike
0-1: Ball
1-1: Foul Ball, location: 2F
1-2: Ball
2-2: Ground out 4-3 (Groundball, 4, EV 101.9 MPH)
Batting: LHB Greg Flynn 0-0: Fly out, F8 (Line Drive, 8RM, EV 95.6 MPH)
Batting: RHB Sam Jones 0-0: Foul Ball, location: 2F
0-1: Ball
1-1: Ground out 1-3 (Groundball, 13, EV 66.9 MPH)
Top of the 2nd over - 0 runs, 0 hits, 0 errors, 0 left on base; Athletic Club KC 0 - Walla Walla 3
BOTTOM OF THE 2ND
Walla Walla Walleye batting - Pitching for Athletic Club KC U-24 : RHP Ronald McDonald
Batting: RHB Jason Kelly 0-0: Ball
1-0: Foul Ball, location: 2F
1-1: Foul Ball, location: 2F
1-2: Foul Ball, location: 2F
1-2: Strikes out swinging
Batting: RHB Carlton Martin 0-0: DOUBLE (Line Drive, 9LS, EV 97.5 MPH)
Batting: RHB Alberto Zúñiga 0-0: Ball
1-0: Ball
2-0: Foul Ball, location: 2F
2-1: Ball
3-1: Fly out, F9 (Flyball, 9D, EV 99.4 MPH)
Runner from 2nd tags up, SAFE at 3rd, no throw by RF
Batting: LHB Derrek Guthrie 0-0: Called Strike
0-1: Ball
Wild Pitch!
Carlton Martin scores
1-1: Foul Ball, location: 2F
1-2: Foul Ball, location: 2F
1-2: Ball
2-2: Foul Ball, location: 2F
2-2: Ball
3-2: SINGLE (Groundball, 2L, EV 65.6 MPH) (infield hit)
Batting: LHB Van Durr 0-0: Swinging Strike
0-1: Swinging Strike
0-2: Strikes out swinging
Bottom of the 2nd over - 1 run, 2 hits, 0 errors, 1 left on base; Athletic Club KC 0 - Walla Walla 4
TOP OF THE 3RD
Athletic Club KC U-24 batting - Pitching for Walla Walla Walleye : RHP Hyeong-ro Park
Batting: RHB Yukinaga Hakui 0-0: Ball
1-0: Foul Ball, location: 2F
1-1: DOUBLE (Line Drive, 3D, EV 98.8 MPH)
Batting: RHB Leon Burns 0-0: Ball
1-0: Ball
2-0: Foul Ball, location: 2F
2-1: Foul Ball, location: 2F
2-2: Strikes out swinging
Batting: RHB Darren Hunt 0-0: Ground out 1-3 (Groundball, 13, EV 75.6 MPH)
Yukinaga Hakui to third
Batting: RHB Pedro Píaz 0-0: Ball
1-0: Foul Ball, location: 2F
1-1: Ball
2-1: Swinging Strike
2-2: Strikes out swinging, 2-3 out at first.
Top of the 3rd over - 0 runs, 1 hit, 0 errors, 1 left on base; Athletic Club KC 0 - Walla Walla 4
BOTTOM OF THE 3RD
Walla Walla Walleye batting - Pitching for Athletic Club KC U-24 : RHP Ronald McDonald
Batting: RHB Roy Berriman 0-0: Called Strike
0-1: Ground out U3 (Groundball, 34S, EV 86.9 MPH)
Batting: SHB Víctor Pagueros 0-0: Foul Ball, location: 2F
0-1: Foul Ball, location: 2F
0-2: DOUBLE (Line Drive, 8RXD, EV 103.8 MPH)
Batting: RHB Bret Taylor 0-0: Called Strike
0-1: Ball
1-1: Ball
2-1: Called Strike
2-2: DOUBLE (Flyball, 8LXD, EV 95.6 MPH)
Víctor Pagueros scores
Batting: RHB Jack Covas 0-0: Ball
1-0: Foul Ball, location: 2F
Pickoff Throw to Second - Out!
1-1: Ball
2-1: Ball
3-1: Ground out 6-3 (Groundball, 6, EV 106.9 MPH)
Bottom of the 3rd over - 1 run, 2 hits, 0 errors, 0 left on base; Athletic Club KC 0 - Walla Walla 5
TOP OF THE 4TH
Athletic Club KC U-24 batting - Pitching for Walla Walla Walleye : RHP Hyeong-ro Park
Batting: RHB James Allingham 0-0: Ball
1-0: Foul Ball, location: 2F
1-1: Foul Ball, location: 2F
1-2: Ball
2-2: Strikes out looking
Batting: SHB Osvaldo Ardiles 0-0: Ball
1-0: Ball
2-0: Foul Ball, location: 2F
2-1: SINGLE (Line Drive, 8RS, EV 100.6 MPH)
Batting: LHB Ramiro Curran 0-0: Foul Ball, location: 2F
0-1: Ball
Osvaldo Ardiles steals 2nd base
1-1: Swinging Strike
1-2: Strikes out swinging
Batting: LHB Greg Flynn 0-0: Ground out 6-3 (Groundball, 4, EV 88.1 MPH)
Top of the 4th over - 0 runs, 1 hit, 0 errors, 1 left on base; Athletic Club KC 0 - Walla Walla 5
BOTTOM OF THE 4TH
Walla Walla Walleye batting - Pitching for Athletic Club KC U-24 : RHP Ronald McDonald
Batting: RHB Jason Kelly 0-0: Ball
1-0: Ball
2-0: Ball
3-0: Called Strike
3-1: Fly out, F3 (Popup, 23F, EV 85.6 MPH)
Batting: RHB Carlton Martin 0-0: SINGLE (Groundball, 4MD, EV 100.6 MPH)
Batting: RHB Alberto Zúñiga 0-0: Called Strike
0-1: 2-RUN HOME RUN (Flyball, 78XD, EV 93.8 MPH), Distance : 444 ft
Pitching: LHP Dave Williams
Batting: LHB Derrek Guthrie 0-0: Ball
1-0: Swinging Strike
1-1: Called Strike
1-2: Foul Ball, location: 2F
1-2: Foul Ball, location: 2F
1-2: Strikes out swinging
Batting: LHB Van Durr 0-0: Ball
1-0: Foul Ball, location: 2F
1-1: Fly out, F4 (Flyball, 4MD, EV 80.6 MPH)
Bottom of the 4th over - 2 runs, 2 hits, 0 errors, 0 left on base; Athletic Club KC 0 - Walla Walla 7
TOP OF THE 5TH
Athletic Club KC U-24 batting - Pitching for Walla Walla Walleye : RHP Hyeong-ro Park
Batting: RHB Sam Jones 0-0: Ball
1-0: Foul Ball, location: 2F
1-1: Ball
2-1: Fly out, F9 (Flyball, 89S, EV 93.8 MPH)
Batting: RHB Yukinaga Hakui 0-0: Fly out, F8 (Line Drive, 8RM, EV 108.8 MPH)
Batting: RHB Leon Burns 0-0: Swinging Strike
0-1: Ball
1-1: Ground out 5-3 (Groundball, 5L, EV 86.2 MPH)
Top of the 5th over - 0 runs, 0 hits, 0 errors, 0 left on base; Athletic Club KC 0 - Walla Walla 7
BOTTOM OF THE 5TH
Walla Walla Walleye batting - Pitching for Athletic Club KC U-24 : LHP Dave Williams
Batting: RHB Roy Berriman 0-0: Called Strike
0-1: Foul Ball, location: 2F
0-2: Ball
1-2: Foul Ball, location: 2F
1-2: DOUBLE (Line Drive, 89M, EV 106.9 MPH)
Batting: SHB Víctor Pagueros 0-0: Ball
1-0: Called Strike
1-1: Ground out 6-3 (Groundball, 6M, EV 86.9 MPH)
Roy Berriman to third
Batting: RHB Bret Taylor 0-0: Ball
1-0: Ball
2-0: Called Strike
2-1: Foul Ball, location: 2F
2-2: Strikes out looking
Batting: RHB Jack Covas 0-0: Foul Ball, location: 2F
0-1: Ball
1-1: Foul Ball, location: 2F
1-2: DOUBLE (Groundball, 3L, EV 103.8 MPH)
Roy Berriman scores
Batting: RHB Jason Kelly 0-0: Foul Ball, location: 2F
0-1: Foul Ball, location: 2F
0-2: Ball
1-2: Ground out 5-3 (Groundball, 56S, EV 87.5 MPH)
Bottom of the 5th over - 1 run, 2 hits, 0 errors, 1 left on base; Athletic Club KC 0 - Walla Walla 8
TOP OF THE 6TH
Athletic Club KC U-24 batting - Pitching for Walla Walla Walleye : RHP Hyeong-ro Park
Batting: RHB Darren Hunt 0-0: Ground out 6-3 (Groundball, 4M, EV 85.0 MPH)
Batting: RHB Pedro Píaz 0-0: Called Strike
0-1: Ball
1-1: Foul Ball, location: 2F
1-2: Ball
2-2: Ball
3-2: Strikes out swinging
Batting: RHB James Allingham 0-0: Ball
1-0: Ball
2-0: Fly out, F7 (Flyball, 7LM, EV 100.0 MPH)
Top of the 6th over - 0 runs, 0 hits, 0 errors, 0 left on base; Athletic Club KC 0 - Walla Walla 8
BOTTOM OF THE 6TH
Walla Walla Walleye batting - Pitching for Athletic Club KC U-24 : LHP Dave Williams
Batting: RHB Carlton Martin 0-0: Ball
1-0: Foul Ball, location: 2F
1-1: Foul Ball, location: 2F
1-2: Strikes out swinging
Batting: RHB Alberto Zúñiga 0-0: Foul Ball, location: 2F
0-1: Ball
1-1: Swinging Strike
1-2: Foul Ball, location: 2F
1-2: Ball
2-2: Strikes out looking
Batting: LHB Derrek Guthrie 0-0: Ground out 5-3 (Groundball, 56, EV 102.5 MPH)
Bottom of the 6th over - 0 runs, 0 hits, 0 errors, 0 left on base; Athletic Club KC 0 - Walla Walla 8
TOP OF THE 7TH
Athletic Club KC U-24 batting - Pitching for Walla Walla Walleye : RHP Hyeong-ro Park
Pinch Hitting: RHB Vincente González 0-0: Ball
1-0: Ball
2-0: Called Strike
2-1: Ball
3-1: Base on Balls
Pinch Hitting: RHB Ben Johnston 0-0: Fly out, F9 (Flyball, 9S, EV 87.5 MPH)
Batting: LHB Greg Flynn 0-0: Called Strike
0-1: SINGLE (Groundball, 3L, EV 80.0 MPH) (infield hit)
Vincente González to second
Batting: RHB Sam Jones 0-0: Called Strike
0-1: Foul Ball, location: 2F
0-2: Ball
1-2: Fly out, F8 (Flyball, 78D, EV 93.1 MPH)
Batting: RHB Yukinaga Hakui 0-0: Ball
1-0: Fly out, F8 (Line Drive, 8RD, EV 90.0 MPH)
Top of the 7th over - 0 runs, 1 hit, 0 errors, 2 left on base; Athletic Club KC 0 - Walla Walla 8
BOTTOM OF THE 7TH
Walla Walla Walleye batting - Pitching for Athletic Club KC U-24 : LHP Dave Williams
Now in CF: Vincente González
Now in RF: Ben Johnston
Batting: LHB Van Durr 0-0: Called Strike
0-1: Ball
1-1: Ball
2-1: Ground out 1-3 (Groundball, 15, EV 87.5 MPH)
Pinch Hitting: RHB Lynn Allen 0-0: Ball
1-0: Called Strike
1-1: Ball
2-1: Swinging Strike
2-2: Strikes out swinging
Batting: SHB Víctor Pagueros 0-0: Ball
1-0: Swinging Strike
1-1: Foul Ball, location: 2F
1-2: Foul Ball, location: 2F
1-2: Ball
2-2: SINGLE (Groundball, 56D, EV 94.4 MPH)
Batting: RHB Bret Taylor 0-0: DOUBLE (Line Drive, 9LS, EV 88.1 MPH)
Víctor Pagueros to third
Runner from 3rd tries for Home, SAFE, throw by RF to trailing runner, SAFE at third!
Batting: RHB Jack Covas 0-0: Ball
1-0: Ball
2-0: Swinging Strike
2-1: Foul Ball, location: 2F
2-2: Ball
3-2: Fly out, F8 (Flyball, 8RM, EV 83.8 MPH)
Bottom of the 7th over - 1 run, 2 hits, 0 errors, 1 left on base; Athletic Club KC 0 - Walla Walla 9
TOP OF THE 8TH
Athletic Club KC U-24 batting - Pitching for Walla Walla Walleye : RHP Hyeong-ro Park
Now in RF: Lynn Allen
Batting: RHB Leon Burns 0-0: Ball
1-0: Ball
2-0: Ball
3-0: Base on Balls
Batting: RHB Darren Hunt 0-0: Ball
1-0: Called Strike
1-1: Foul Ball, location: 2F
1-2: Ball
2-2: Foul Ball, location: 2F
2-2: Strikes out swinging
Pinch Hitting: RHB Morton Scott 0-0: Ball
1-0: Called Strike
1-1: Called Strike
1-2: Ball
2-2: Ball
3-2: Grounds into double play, 4-6-3 (Groundball, 4, EV 88.8 MPH)
Top of the 8th over - 0 runs, 0 hits, 0 errors, 0 left on base; Athletic Club KC 0 - Walla Walla 9
BOTTOM OF THE 8TH
Walla Walla Walleye batting - Pitching for Athletic Club KC U-24 : LHP Dave Williams
Pitching: RHP Jeffrey Strickland
Now at 2B: Morton Scott
Pinch Hitting: RHB Jeirgif Shkurin 0-0: Foul Ball, location: 2F
0-1: Swinging Strike
0-2: SINGLE (Flyball, 9LS, EV 98.1 MPH)
Batting: RHB Carlton Martin 0-0: Ball
1-0: Called Strike
1-1: Fielders Choice at 2nd, 1-4 (Groundball, P, EV 60.6 MPH)
Batting: RHB Alberto Zúñiga 0-0: Ball
1-0: Ball
2-0: Called Strike
2-1: Swinging Strike
2-2: Foul Ball, location: 2F
2-2: Foul Ball, location: 2F
2-2: Fly out, F7 (Line Drive, 7, EV 88.1 MPH)
Batting: LHB Derrek Guthrie 0-0: Ball
1-0: Called Strike
1-1: Ball
2-1: Ball
3-1: Base on Balls
Carlton Martin to second
Batting: LHB Van Durr 0-0: Ball
1-0: Called Strike
1-1: Swinging Strike
1-2: Ball
2-2: Strikes out swinging
Bottom of the 8th over - 0 runs, 1 hit, 0 errors, 2 left on base; Athletic Club KC 0 - Walla Walla 9
TOP OF THE 9TH
Athletic Club KC U-24 batting - Pitching for Walla Walla Walleye : RHP Hyeong-ro Park
Now in LF: Jeirgif Shkurin
Pinch Hitting: RHB Doug Bishop 0-0: Called Strike
0-1: Swinging Strike
0-2: Ground out 1-3 (Groundball, P, EV 85.0 MPH)
Batting: RHB Vincente González 0-0: Foul Ball, location: 2F
0-1: Swinging Strike
0-2: Strikes out swinging
Batting: RHB Ben Johnston 0-0: Ball
1-0: Called Strike
1-1: SINGLE (Line Drive, 9S, EV 93.1 MPH)
Pitching: LHP Martin van der Kuijl
Batting: LHB Greg Flynn 0-0: Called Strike
0-1: Ball
1-1: Called Strike
1-2: Strikes out looking
Top of the 9th over - 0 runs, 1 hit, 0 errors, 1 left on base; Athletic Club KC 0 - Walla Walla 9
Friday, March 26th, 2021 - OOTP Baseball 20.8 Build 74